 Dungeon Crawl Stone Soup version 0.31.0-32-g396128a36d (webtiles) character file.

Game seed: 8178566755485595740

70 H0rd4k the Charlatan (level 4, -3/28 HPs)
             Began as an Octopode Artificer on Apr 16, 2024.
             Slain by a gnoll
             ... wielding a +0 flail
              (6 damage)
             ... on level 2 of the Dungeon.
             The game lasted 00:01:52 (1590 turns).

H0rd4k the Charlatan (Octopode Artificer)           Turns: 1590, Time: 00:01:53

Health: -3/28      AC:  1    Str: 11    XL:     4   Next: 22%
Magic:  4/4        EV: 13    Int: 15    God:
Gold:   132        SH:  0    Dex: 12    Spells: 3/3 levels left

rFire   . .          .
                       - Unarmed
rCold   . . .        (no shield)
rNeg    . . .        (helmet currently unavailable)
rPois   .            (no amulet)
rElec   .            (no ring)
rCorr   .            (no ring)
SInv    .            (no ring)
Will    .....        (no ring)
Stlth   +++          (no ring)
HPRegen 0.24/turn    (no ring)
MPRegen 0.09/turn    (no ring)
                     (no ring)

%: no passive effects
@: beast-form
A: beast (slay +0), almost no armour, amphibious, 8 rings, camouflage 1,
gelatinous body 1, (nimble swimmer 1), tentacles
a: Begin Untransformation


You were on level 2 of the Dungeon.
You were a hulking beast.
You visited 1 branch of the dungeon, and saw 2 of its levels.

You collected 132 gold pieces.

Inventory:

Missiles
 e - 13 poisoned darts
Talismans
 h - a beast talisman (active)
Wands
 b - a wand of flame (13) (quivered)
 c - a wand of charming (14)
 d - a wand of iceblast (4)
 i - a wand of paralysis (4)
Scrolls
 f - a scroll of poison {unknown}
 g - 8 scrolls of identify {unknown}
 k - a scroll of fog {unknown}
 l - a scroll of noise {unknown}
 n - a scroll of amnesia {unknown}
Potions
 a - a potion of brilliance {unknown}
 j - a potion of mutation {unknown}
 m - a potion of enlightenment {unknown}


   Skills:
 + Level 1.6 Fighting
 - Level 2.3 Dodging
 - Level 1.3 Stealth
 + Level 3.0 Unarmed Combat
 - Level 3.2 Evocations
 * Level 1.1 Shapeshifting


You had 3 spell levels left.
You didn't know any spells.
Your spell library contained the following spells:

 Spells                   Type           Power      Damage    Failure   Level
 Summon Small Mammal      Summ           0%         N/A       26%         1
 Call Canine Familiar     Summ           0%         N/A       63%         3
 Summon Blazeheart Golem  Fire/Summ      0%         N/A       95%         4


Dungeon Overview and Level Annotations

Branches:
Dungeon (2/15)

Altars:
Vehumet


Innate Abilities, Weirdness & Mutations

You are a hulking beast.
Your limbs bulge with bestial killing power. (Slay +0)
You cannot wear most types of armour.
You are amphibious.
You can wear up to eight rings at the same time.
Your skin changes colour to match your surroundings (Stealth+).
Your rubbery body absorbs attacks. (AC +1, EV +1)
((You are camouflaged when in or above water. (Stealth+)))
You have tentacles for arms and can constrict up to eight enemies at once.


Message History

Press: ? - help, Shift-Dir - straight line, f - gnoll
Aim: a gnoll, wielding a +0 flail (lightly wounded, chance to affect: 66%)
The gnoll is charmed.
The gnoll completely misses you. The gnoll closely misses you.
Unknown command.
The gnoll attacks as it pursues you! The gnoll misses you.
What are your orders? t - Shout!
Orders for allies: a - Attack new target. p - Attack previous target. r - Retreat! s - Stop attacking. g - Guard the area. f - Follow me.
Anything else - Cancel.
Guard this area!
Your gnoll hits something with a +0 flail.
Something hits your gnoll!
Your gnoll dies!
The gnoll hits you from afar with a +0 halberd!
* * * LOW HITPOINT WARNING * * *
The gnoll hits you from afar with a +0 halberd.
* * * LOW HITPOINT WARNING * * *
Aiming: Iceblast
Press: ? - help, Shift-Dir - straight line, f - gnoll
Aim: a gnoll, wielding a +0 halberd (severely wounded)
The mass of ice explodes!
The iceblast engulfs the gnoll!
You kill the gnoll!
The iceblast engulfs the gnoll!
You kill the gnoll!
Your Unarmed Combat skill increases to level 3!
Your Shapeshifting skill increases to level 1!
You have reached level 4!
Aiming: Throw Flame
Press: ? - help, Shift-Dir - straight line, f - gnoll
Aim: a gnoll, wielding a +0 flail (almost dead, 75% to hit)
The puff of flame misses the gnoll.
Unknown command.
Aiming: Throw Flame
Press: ? - help, Shift-Dir - straight line, f/p - gnoll
Aim: a gnoll, wielding a +0 flail (almost dead, 75% to hit)
The puff of flame misses the gnoll.
The gnoll hits you with a +0 flail.
You die...

.##.# ..#.#########
.#..........# .#######.##.#
########## #..#
#.##.###...##.... .
#..#####.##..##...)..# ..#
.##...##_##.......)..##.....
..#.#.##.##.####.g#)g.......
.#....##.##.# #h#.#.##.....
.##†####.##.# #.##.## ..#
#...# #.##.# #.#### # #.
#...# #....# #.# #. .####
####.# #.# #. ..### #.# #.#
#. .#..##### #.# #.# #.
.##.....# #.# #.# #.######.
#....##.###.## #........


You could see a gnoll.

Vanquished Creatures
  2 gnolls (D:2)
  2 adders (D:2)
  A dart slug (D:1)
  7 endoplasms
  2 goblins (D:1)
  4 hobgoblins
  2 kobolds (D:2)
  3 quokkas
  2 bats
  A frilled lizard (D:2)
  2 rats (D:1)
28 creatures vanquished.

Vanquished Creatures (others)
  A gnoll (D:2)
1 creature vanquished.

Grand Total: 29 creatures vanquished

Notes
Turn   | Place    | Note
-------+----------+-------------------------------------------
     0 | D:1      | H0rd4k the Octopode Artificer began the quest for the Orb.
     0 | D:1      | Reached XP level 1. HP: 13/13 MP: 1/1
   160 | D:1      | Reached skill level 1 in Unarmed Combat
   171 | D:1      | Reached XP level 2. HP: 18/18 MP: 2/2
   919 | D:2      | Reached XP level 3. HP: 13/23 MP: 3/3
  1091 | D:2      | Found a radiant altar of Vehumet.
  1559 | D:2      | Found a faded altar of an unknown god.
  1586 | D:2      | HP: 1/23 [gnoll/+0 halberd (3)]
  1589 | D:2      | Reached skill level 1 in Shapeshifting
  1589 | D:2      | Reached XP level 4. HP: 2/28 MP: 4/4
  1590 | D:2      | Slain by a gnoll

Illustrated notes

Levels and vault maps discovered:
D:1:      dpeg_arrival_oval, layout_basic, nicolae_houndstooth_variations
D:2:      layout_loops_ring, basic_altar, ebering_ecumenical_altar_hall,
          nicolae_eternal_life, kennysheep_minor_cross, minmay_split_cup_large

Skill      XL: |  1  2  3 |
---------------+----------+-----
Unarmed Combat | 1 2 3 |  3.0
Shapeshifting  | 1 |  1.1
Fighting       | |  1.6
Dodging        | |  2.3
Stealth        | |  1.3
Evocations     | |  3.2

Action                     |  1- 3 |  4- 6 || total
---------------------------+-------+-------++-------
  Melee: Unarmed           |    71 |       ||    71
         Tentacles         |    15 |       ||    15
         Constrict         |    17 |       ||    17
         Punch             |     1 |       ||     1
  Evoke: Wand              |     2 |     2 ||     4
   Stab: Sleeping          |     6 |       ||     6
 Armour: Skin              |    25 |     1 ||    26
  Dodge: Dodged            |    39 |       ||    39
   Form: Beast             |     1 |       ||     1
